 Dungeon Crawl Stone Soup version 0.20.0 (webtiles) character file.

74092 Danakh the Severer (level 15, -6/97 HPs)
             Began as a Tengu Warper on May 31, 2017.
             Was a High Priest of Trog.
             Shot with an arrow by a centaur warrior (23 damage)
             ... on level 14 of the Dungeon.
             The game lasted 01:26:22 (21560 turns).

Danakh the Severer (Tengu Warper)                  Turns: 21560, Time: 01:26:22

Health: -6/97      AC: 25    Str: 23    XL:     15   Next: 45%
Magic:  6/6        EV: 14    Int: 17    God:    Trog [*****.]
Gold:   1163       SH:  0    Dex: 10    Spells: 18/18 levels left

rFire    . . .     SeeInvis .   x - +5 executioner's axe (antimagic)
rCold    . . .     Gourm    +   (shield currently unavailable)
rNeg     + . .     Faith    .   o - +4 plate armour of Okawaru's Condemnation {Int+4}
rPois    +         Spirit   .   (helmet restricted)
rElec    .         Reflect  .   c - +2 cloak {rPois}
rCorr    .         Harm     .   u - +0 pair of gloves
MR       +....                  (boots unavailable)
Stlth    ..........             h - amulet of Idealism {Gourm rPois rN+ Dex-5}
Regen    0.3/turn               m - +4 ring of slaying
MPRegen  0.1/turn               e - +6 ring of strength

@: berserk cooldown, flying quickly and evasively, slowed, very slow
A: beak, talons 3, able to fly 2
a: Stop Flying, Berserk, Trog's Hand, Brothers in Arms, Burn Spellbooks,
Renounce Religion


You were on level 14 of the Dungeon.
You worshipped Trog.
Trog was extremely pleased with you.
You were full.

You visited 2 branches of the dungeon, and saw 20 of its levels.
You also visited: Ossuary and Volcano.

You collected 1491 gold pieces.
You spent 328 gold pieces at shops.

Inventory:

Hand Weapons
 x - a +5 antimagic executioner's axe (weapon)
Armour
 c - a +2 cloak of poison resistance (worn)
 o - the +4 plate armour of Okawaru's Condemnation (worn) {Int+4}
   (You found it on level 4 of the Lair of Beasts)

   It affects your intelligence (+4).
 u - a +0 pair of gloves (worn)
Jewellery
 e - a +6 ring of strength (right hand)
 h - the amulet of Idealism (around neck) {Gourm rPois rN+ Dex-5}
   (You found it on level 6 of the Lair of Beasts)

   [amulet of the gourmand]

   It allows you to eat raw meat even when not hungry.
   It affects your dexterity (-5).
   It protects you from poison.
   It protects you from negative energy.
 m - a +4 ring of slaying (left hand)
 n - an uncursed ring of resist corrosion
 y - an uncursed ring of protection from fire
 z - an uncursed ring of protection from magic
 W - an uncursed ring of protection from cold
Wands
 b - a wand of iceblast (2/15)
 p - a wand of disintegration (10/24)
 w - a wand of iceblast (7/15)
 C - a wand of acid (8/15)
 E - a wand of polymorph (11/24)
 K - a wand of digging (12/24)
 R - a wand of acid (4/15)
Scrolls
 a - a scroll of holy word
 d - 2 scrolls of blinking
 i - 5 scrolls of recharging
 q - 10 scrolls of teleportation
 s - 2 scrolls of fear
 I - 2 scrolls of magic mapping
 N - 2 scrolls of fog
 O - 3 scrolls of identify
 S - 2 scrolls of summoning
 T - 11 scrolls of remove curse
 Y - a scroll of silence
Potions
 g - 3 potions of haste
 k - 4 potions of resistance
 r - 5 potions of curing
 t - 3 potions of heal wounds
 v - a potion of ambrosia
 A - 5 potions of mutation
 B - 5 potions of might
 J - 3 potions of berserk rage
 L - 3 potions of agility
 M - 4 potions of magic
 X - 3 potions of cancellation
Books
 P - a book of Minor Magic

   Spells                             Type                      Level
   a - Magic Dart                     Conjuration                  1
   b - Blink                          Translocation                2
   c - Call Imp                       Summoning                    2
   d - Slow                           Hexes                        2
   e - Conjure Flame                  Conjuration/Fire             3
   f - Mephitic Cloud                 Conjuration/Poison/Air       3
   Trog disapproves of the use of such an item.
Miscellaneous
 D - a phial of floods
 U - a fan of gales
Comestibles
 f - 18 bread rations
 j - 12 meat rations
 Q - 13 royal jellies


   Skills:
 + Level 12.4 Fighting
 * Level 18.3 Axes
 - Level 1.0 Throwing
 + Level 13.6 Armour
 + Level 11.2 Dodging
 - Level 2.0 Spellcasting
   Level 2.4 Translocations


You had 18 spell levels left.
You didn't know any spells.

Dungeon Overview and Level Annotations

Branches:
Dungeon (14/15)            Temple (0/1) D:6            Lair (6/6) D:10
 Shoals (0/4) Lair:3        Snake (0/4) Lair:2        Slime (0/5) Lair:5
    Orc (0/2) D:11         Vaults (0/5) D:14

Altars:
Ashenzari
Hepliaklqana
Kikubaaqudgha
Nemelex Xobeh
Trog
Uskayaw
Yredelemnul
The Shining One

Shops:
D:4 ([:   D:5 (   D:9 (


Innate Abilities, Weirdness & Mutations

You have a beak for a mouth.
You have claws for feet.
You can fly continuously.


Message History

The cyan ugly thing is heavily wounded.
The white ugly thing basks in the mutagenic energy from its kin and changes!
The red ugly thing basks in the mutagenic energy from its kin and changes!
The cyan ugly thing pecks you but does no damage.
You slice the cyan ugly thing!! Your kick misses the cyan ugly thing.
The cyan ugly thing is severely wounded.
Your plate armour of Okawaru's Condemnation prevents you from hitting the cyan ugly thing.
The cyan ugly thing is severely wounded.
The cyan ugly thing pecks you!
* * * LOW HITPOINT WARNING * * *
The cyan ugly thing shocks you!
* * * LOW HITPOINT WARNING * * *
The cyan ugly thing basks in the mutagenic energy from its kin and changes!
There is an open door here.
You feel a strong urge to attack something.
You are no longer berserk.
You are exhausted.
You feel yourself slow down.
The centaur warrior shoots an arrow.
The arrow hits you!!
You die...

#.# #..# #### #.# ####'###
..... #####'###### #.......
....cu###.(........####.......
......'c'u.........'.##.......
....uu###.........†#.##.......
..... #..........#..'.......
.... #..........####.).....
... #....@<....# #....... ##
############ ########


You could see a white ugly thing and a centaur warrior.

Vanquished Creatures
  A red draconian (Volcano)
  A vault guard (D:14)
  A hydra (D:14)
  2 centaur warriors (D:13)
  4 two-headed ogres
  13 death yaks (Lair:6)
  Urug (D:12)
  A salamander mystic (Volcano)
  2 unseen horrors
  A lindwurm (Lair:4)
  A necromancer (D:14)
  Pikel (D:4)
  An ugly thing (D:14)
  A cyclops (D:13)
  3 oklob plants (Lair:5)
  A manticore (Lair:3)
  6 salamanders (Volcano)
  2 centaur zombies
  A faun (D:12)
  A merfolk siren (Lair:3)
  2 black mambas
  10 elephants
  2 gargoyles
  The ghost of Eucla the Grappler, a novice HOTm (D:6)
  7 rime drakes
  24 spiny frogs
  4 komodo dragons
  2 yaktaurs (D:14)
  2 meliai (D:12)
  2 merfolk
  A polar bear (Lair:5)
  4 tyrant leeches (Lair:6)
  3 trolls
  A hornet (D:12)
  2 queen bees
  Grinder (D:6)
  17 blink frogs
  9 hippogriffs
  The ghost of Danakh the Chopper, an amateur TeWr (Ossuary)
  3 wyverns
  A wraith (D:13)
  30 yaks
  20 humans (D:14)
  A steam dragon (Lair:3)
  A hungry ghost (D:9)
  4 hogs (D:12)
  A warg (D:11)
  2 basilisks (Lair:3)
  3 vampire mosquitoes (Lair:6)
  3 nagas (Lair:2)
  An acid dragon (D:13)
  A soldier ant (D:14)
  18 water moccasins
  3 porcupines
  13 orc warriors
  2 phantoms (D:11)
  2 ice beasts (D:14)
  An eye of draining (D:9)
  5 black bears
  A hornet zombie (D:6)
  A necrophage (D:10)
  8 ogres
  4 wolves
  10 crocodiles
  4 centaurs
  4 big kobolds
  22 bullfrogs
  A gnoll sergeant (D:6)
  A wyvern zombie (D:7)
  A water moccasin zombie (Ossuary)
  A hornet simulacrum (D:14)
  3 scorpions
  An electric eel (Lair:3)
  53 killer bees
  3 wights (D:7)
  4 howler monkeys
  5 crimson imps
  5 hounds
  A quasit (D:10)
  A bullfrog zombie (D:12)
  10 orc wizards
  A jelly (D:7)
  13 orc priests
  A bullfrog skeleton (D:10)
  5 centaur skeletons
  An iguana (D:9)
  Natasha (twice) (D:4)
  8 worker ants
  A killer bee zombie (D:9)
  2 big kobold zombies (Ossuary)
  3 mummies
  A howler monkey zombie (D:11)
  A worker ant zombie (D:8)
  Robin (D:4)
  8 gnolls
  A river rat (Lair:3)
  10 adders
  A shadow imp (D:12)
  An ooze (D:2)
  An adder skeleton (D:8)
  5 adder zombies (Ossuary)
  2 dart slugs
  3 leopard geckos
  50 orcs
  2 ball pythons
  4 giant cockroaches
  A gnoll zombie (Ossuary)
  16 goblins
  14 hobgoblins
  10 jackals
  4 quokkas
  6 bats
  3 frilled lizards
  4 hobgoblin zombies (Ossuary)
  27 kobolds
  4 kobold zombies (Ossuary)
  A leopard gecko zombie (D:6)
  10 orc zombies
  12 rats
  3 fungi
  4 plants
646 creatures vanquished.

Vanquished Creatures (collateral kills)
  Kirke (D:12)
  A hydra (D:11)
  2 death yaks (Lair:6)
  A black mamba (Lair:6)
  2 spiny frogs
  A tyrant leech (Lair:6)
  A merfolk (Lair:3)
  3 vampire mosquitoes (Lair:6)
  A water moccasin (Lair:1)
  3 wolves (Lair:1)
  An orc (D:11)
17 creatures vanquished.

Vanquished Creatures (others)
  An orc priest (D:4)
  An orc wizard (D:4)
  Natasha (D:4)
  An orc (D:4)
  2 giant cockroaches (D:4)
  15 fungi
  45 plants (Lair:6)
66 creatures vanquished.

Grand Total: 729 creatures vanquished

Notes
Turn   | Place    | Note
-------+----------+-------------------------------------------
     0 | D:1      | Danakh the Tengu Warper began the quest for the Orb.
     0 | D:1      | Reached XP level 1. HP: 12/12 MP: 4/4
   163 | D:1      | Reached XP level 2. HP: 13/17 MP: 6/6
   653 | D:1      | Reached skill level 3 in Axes
   729 | D:1      | Reached XP level 3. HP: 17/22 MP: 7/7
   819 | D:1      | Learned a level 2 spell: Blink
   909 | D:2      | Found a faded altar of an unknown god.
   927 | D:2      | Became a worshipper of Trog the Wrathful
   927 | D:2      | Reached * piety under Trog
  1113 | D:2      | Found a hide-covered altar of Uskayaw.
  1118 | D:2      | Found a hazy altar of Hepliaklqana.
  1120 | D:2      | Found a glowing golden altar of the Shining One.
  1121 | D:2      | Found a basalt altar of Yredelemnul.
  1124 | D:2      | Found an ancient bone altar of Kikubaaqudgha.
  1682 | D:2      | Reached XP level 4. HP: 23/27 MP: 8/8
  2195 | D:3      | Reached ** piety under Trog
  2398 | D:3      | Reached skill level 4 in Axes
  2490 | D:4      | Found Unwib's Book Emporium.
  2518 | D:4      | Noticed a slave
  2519 | D:4      | Noticed Natasha
  2525 | D:4      | Noticed Pikel
  2527 | D:4      | Noticed a slave
  2529 | D:4      | Noticed a slave
  2531 | D:4      | Noticed a slave
  2535 | D:4      | Killed Pikel
  2535 | D:4      | Reached skill level 5 in Axes
  2535 | D:4      | Gained mutation: You can fly. [Tengu growth]
  2535 | D:4      | Reached XP level 5. HP: 18/32 MP: 9/9
  2535 | D:4      | Reached XP level 6. HP: 21/37 MP: 10/10
  2535 | D:4      | Reached XP level 7. HP: 23/41 MP: 11/11
  2537 | D:4      | Killed Natasha
  2606 | D:4      | Found Hesit's Armour Shop.
  2614 | D:4      | Bought a +0 cloak of poison resistance for 85 gold pieces
  2834 | D:4      | Found Zooqeudi's Antique Weapon Shop.
  2839 | D:4      | Noticed Natasha
  2845 | D:4      | Killed Natasha
  2860 | D:4      | Bought a war axe for 73 gold pieces
  3021 | D:4      | Noticed Natasha
  3024 | D:4      | Noticed Robin
  3026 | D:4      | Killed Natasha
  3043 | D:4      | Killed Robin
  3160 | D:5      | Entered Level 5 of the Dungeon
  3275 | D:5      | Reached skill level 6 in Axes
  3506 | D:5      | Found a sand-covered staircase.
  3563 | Ossuary  | Entered an ossuary
  3719 | Ossuary  | Reached *** piety under Trog
  3818 | Ossuary  | Noticed Danakh's ghost (amateur TeWr)
  3843 | Ossuary  | Killed Danakh's ghost
  3843 | Ossuary  | Reached XP level 8. HP: 48/48 MP: 12/12
  3925 | Ossuary  | Reached skill level 5 in Dodging
  4122 | D:5      | Found Tuch's Weapon Emporium.
  4381 | D:6      | Found a sparkling altar of Nemelex Xobeh.
  4387 | D:6      | Reached skill level 7 in Axes
  4545 | D:6      | Reached skill level 5 in Armour
  4698 | D:6      | Reached **** piety under Trog
  4742 | D:6      | Noticed Eucla's ghost (novice HOTm)
  4755 | D:6      | Killed Eucla's ghost
  4755 | D:6      | Reached skill level 5 in Fighting
  4755 | D:6      | Reached skill level 8 in Axes
  4755 | D:6      | Reached XP level 9. HP: 27/54 MP: 13/13
  4913 | D:6      | Found a staircase to the Ecumenical Temple.
  5149 | D:6      | Noticed Grinder
  5154 | D:6      | Killed Grinder
  5661 | D:7      | Received a gift from Trog
  5705 | D:7      | Found an ancient bone altar of Kikubaaqudgha.
  5751 | D:7      | Reached skill level 9 in Axes
  6408 | D:7      | Reached XP level 10. HP: 60/60 MP: 14/14
  6622 | D:8      | Noticed a two-headed ogre
  6629 | D:8      | Killed a two-headed ogre
  6629 | D:8      | Reached skill level 10 in Axes
  6964 | D:8      | Noticed a two-headed ogre
  6974 | D:8      | Killed a two-headed ogre
  7492 | D:9      | Reached skill level 11 in Axes
  7497 | D:9      | Reached ***** piety under Trog
  8081 | D:9      | Found a shattered altar of Ashenzari.
  8090 | D:9      | Reached XP level 11. HP: 58/67 MP: 15/15
  8101 | D:9      | Found Woshrad's Antique Weapon Shoppe.
  8111 | D:9      | Bought a slimy war axe for 170 gold pieces
  8111 | D:9      | Identified the +5 war axe of Objectivity {pain, *Noise *Corrode rN+ Dex+10} (You bought it in a shop on level 9 of the Dungeon)
  8444 | D:10     | Entered Level 10 of the Dungeon
  8498 | D:10     | Found a staircase to the Lair.
  8530 | D:10     | Killed an unseen horror
  8813 | D:10     | Reached skill level 12 in Axes
  8852 | D:10     | Noticed a two-headed ogre
  8858 | D:10     | Killed a two-headed ogre
  9310 | D:11     | Received a gift from Trog
  9588 | D:11     | Found a staircase to the Orcish Mines.
  9929 | D:11     | Noticed a seven-headed hydra
  9936 | D:11     | Killed a nine-headed hydra
 10419 | Lair:1   | Entered Level 1 of the Lair of Beasts
 10717 | Lair:1   | Reached skill level 13 in Axes
 10717 | Lair:1   | Reached XP level 12. HP: 38/75 MP: 16/16
 11454 | Lair:2   | Found a staircase to the Snake Pit.
 11567 | Lair:2   | Reached skill level 10 in Dodging
 12322 | Lair:3   | Found a staircase to the Shoals.
 12332 | Lair:3   | Reached skill level 10 in Armour
 12410 | Lair:3   | HP: 1/75 [merfolk/poisoned tomahawk (13)]
 12912 | Lair:3   | Reached skill level 14 in Axes
 13152 | Lair:3   | Received a gift from Trog
 13610 | Lair:3   | Reached XP level 13. HP: 45/82 MP: 17/17
 13963 | Lair:3   | Reached skill level 10 in Fighting
 14091 | Lair:4   | Found a dark tunnel.
 14190 | Volcano  | Entered a volcano
 14233 | Volcano  | Found a bloodstained altar of Trog.
 14248 | Volcano  | Noticed a red draconian
 14266 | Volcano  | Killed a red draconian
 14266 | Volcano  | Reached skill level 15 in Axes
 14272 | Volcano  | HP: 3/123 [salamander (5)]
 14872 | Lair:4   | Got a bloodstained plate armour
 14884 | Lair:4   | Identified the +4 plate armour of Okawaru's Condemnation {Int+4} (You found it on level 4 of the Lair of Beasts)
 16310 | Lair:5   | Found a staircase to the Slime Pits.
 16379 | Lair:6   | Entered Level 6 of the Lair of Beasts
 16399 | Lair:6   | Reached skill level 16 in Axes
 16404 | Lair:6   | Gained mutation: You can fly continuously. [Tengu growth]
 16404 | Lair:6   | Reached XP level 14. HP: 90/90 MP: 18/18
 17105 | Lair:6   | Reached skill level 17 in Axes
 17246 | Lair:6   | Received a gift from Trog
 18239 | Lair:6   | Got a transparent diamond amulet
 18268 | Lair:6   | Identified the amulet of Idealism {Gourm rPois rN+ Dex-5} (You found it on level 6 of the Lair of Beasts)
 19313 | D:12     | Noticed Kirke
 19366 | D:12     | Killed Kirke
 19366 | D:12     | Reached XP level 15. HP: 78/96 MP: 19/19
 20149 | D:12     | Noticed Urug
 20161 | D:12     | Killed Urug
 20781 | D:13     | Reached skill level 18 in Axes
 21288 | D:14     | Received a gift from Trog
 21334 | D:14     | Found a gate to the Vaults.
 21340 | D:14     | Received a gift from Trog
 21560 | D:14     | Shot with an arrow by a centaur warrior

Skill      XL: |  1  2  3  4  5  6  7  8  9 10 11 12 13 14 15 |
---------------+----------------------------------------------+-----
Axes           | 3 5 6 8 9 11 13 14 16 17 18 | 18.3
Armour         | 3 4 5 6 8 9 10 12 13 | 13.6
Fighting       | 3 4 5 6 7 8 9 11 12 | 12.4
Dodging        | 4 6 7 8 9 10 11 | 11.2
Throwing       | |  1.0
Spellcasting   | |  2.0
Translocations | |  2.4

Action                   |  1- 3 |  4- 6 |  7- 9 | 10-12 | 13-15 || total
-------------------------+-------+-------+-------+-------+-------++-------
Melee: Hand axe          |    84 |    40 |    12 |       |       ||   136
       Kick              |    14 |    13 |   110 |   207 |   213 ||   557
       Peck              |     8 |     1 |    71 |   119 |   118 ||   317
       War axe           |       |       |   380 |   327 |       ||   707
       Unarmed           |       |       |     3 |       |     6 ||     9
       Broad axe         |       |       |       |   337 |       ||   337
       Battleaxe         |       |       |       |    31 |   632 ||   663
       Executioner's axe |       |       |       |       |    21 ||    21
Invok: Berserk           |       |     1 |    10 |    24 |    21 ||    56
       Burn Spellbooks   |       |     1 |       |     1 |     3 ||     5
       Trog's Hand       |       |       |       |     5 |     3 ||     8
       Brothers in Arms  |       |       |       |     4 |     4 ||     8
 Abil: Fly               |       |       |     1 |       |     3 ||     4
Evoke: Wand              |       |       |     7 |     2 |     4 ||    13
       Fan of gales      |       |       |       |     1 |       ||     1
  Use: Scroll            |       |       |    20 |    11 |    20 ||    51
       Potion            |       |       |       |     5 |     5 ||    10
 Stab: Sleeping          |     1 |     1 |       |       |       ||     2
       Invisible         |       |       |       |       |     4 ||     4
  Eat: Chunk             |     2 |     4 |    14 |    30 |    42 ||    92
       Fruit             |       |       |     1 |     9 |     3 ||    13
       Royal jelly       |       |       |     1 |     7 |     5 ||    13
       Meat ration       |       |       |     1 |       |     1 ||     2
Armor: Leather armour    |    14 |     9 |     1 |       |       ||    24
       Chain mail        |       |       |   141 |       |       ||   141
       Skin              |       |       |     1 |       |       ||     1
       Plate armour      |       |       |    86 |   469 |   335 ||   890
Dodge: Dodged            |    47 |    19 |   189 |   410 |   358 ||  1023
